3A
MYRTLE BEACH SEAHAWKS @ MT. VERNON BULLS
07/26/2034
 
TOP OF THE 1ST
Myrtle Beach Seahawks batting - Pitching for Mt. Vernon Bulls : LHP Abdul-Nasir Rabah
Pitching: LHP Abdul-Nasir Rabah
Batting: RHB Lucas Gallant 0-0: Ball
1-0: Ball
2-0: Ground out U3 (Groundball, 34)
Batting: RHB Al Ellis 0-0: Ball
1-0: Called Strike
1-1: Foul Ball, location: 2F
1-2: Ball
2-2: Ball
3-2: Foul Ball, location: 2F
3-2: Base on Balls
Batting: RHB César Salvatierra 0-0: Ball
Al Ellis is caught stealing 2nd base
1-0: Called Strike
1-1: SINGLE (Groundball, 2L) (infield hit)
Batting: LHB Gregory Clement 0-0: Called Strike
0-1: Called Strike
0-2: Strikes out swinging
Top of the 1st over - 0 runs, 1 hit, 0 errors, 1 left on base; Myrtle Beach 0 - Mt. Vernon 0
BOTTOM OF THE 1ST
Mt. Vernon Bulls batting - Pitching for Myrtle Beach Seahawks : RHP Leon Alfons
Pitching: RHP Leon Alfons
Batting: SHB Fergus Stidston 0-0: Called Strike
0-1: Swinging Strike
0-2: Strikes out looking
Batting: SHB Roy Snider 0-0: Foul Ball, location: 2F
0-1: Called Strike
0-2: Ball
1-2: Reached on error, E4 (Popup, 13S)
Batting: LHB Tomás Muinos 0-0: Called Strike
0-1: Fly out, F9 (Line Drive, 9)
Batting: RHB Phil Gillespie 0-0: Ball
1-0: Fly out, F9 (Flyball, 9)
Bottom of the 1st over - 0 runs, 0 hits, 1 error, 1 left on base; Myrtle Beach 0 - Mt. Vernon 0
TOP OF THE 2ND
Myrtle Beach Seahawks batting - Pitching for Mt. Vernon Bulls : LHP Abdul-Nasir Rabah
Batting: RHB Jimmy Gonzáles 0-0: Ball
1-0: Ball
2-0: Ball
3-0: Called Strike
3-1: Foul Ball, location: 2F
3-2: Strikes out swinging
Batting: RHB Miguel Pacheco 0-0: Ball
1-0: Ball
2-0: Called Strike
2-1: Ground out 4-3 (Groundball, 4M)
Batting: RHB Miguel Rey 0-0: Called Strike
0-1: Foul Ball, location: 2F
0-2: Ball
1-2: Fly out, F9 (Flyball, 9)
Top of the 2nd over - 0 runs, 0 hits, 0 errors, 0 left on base; Myrtle Beach 0 - Mt. Vernon 0
BOTTOM OF THE 2ND
Mt. Vernon Bulls batting - Pitching for Myrtle Beach Seahawks : RHP Leon Alfons
Batting: SHB Zak Martin 0-0: Ball
1-0: Called Strike
1-1: Foul Ball, location: 2F
1-2: Ground out 4-3 (Groundball, 4)
Batting: RHB Kamakakoa Kaponianani 0-0: Foul Ball, location: 2F
0-1: Called Strike
0-2: Ball
1-2: Ball
2-2: Fly out, F7 (Flyball, 7D)
Batting: RHB Hsin-ping Teoh 0-0: Called Strike
0-1: Foul Ball, location: 2F
0-2: Ball
1-2: Ball
2-2: Strikes out looking
Bottom of the 2nd over - 0 runs, 0 hits, 0 errors, 0 left on base; Myrtle Beach 0 - Mt. Vernon 0
TOP OF THE 3RD
Myrtle Beach Seahawks batting - Pitching for Mt. Vernon Bulls : LHP Abdul-Nasir Rabah
Batting: RHB Kamaaluddeen Kohli 0-0: Fly out, F7 (Flyball, 7S)
Batting: LHB Sandro Goro 0-0: Ball
1-0: Ball
2-0: SINGLE (Line Drive, 34D)
Batting: RHB Lucas Gallant 0-0: Called Strike
0-1: Ball
1-1: Called Strike
1-2: Strikes out swinging
Batting: RHB Al Ellis 0-0: Called Strike
0-1: Ground out 1-3 (Groundball, 13S)
Top of the 3rd over - 0 runs, 1 hit, 0 errors, 1 left on base; Myrtle Beach 0 - Mt. Vernon 0
BOTTOM OF THE 3RD
Mt. Vernon Bulls batting - Pitching for Myrtle Beach Seahawks : RHP Leon Alfons
Batting: RHB Jiao-long Xú 0-0: Foul Ball, location: 2F
0-1: Swinging Strike
0-2: Ball
1-2: Strikes out swinging
Batting: RHB Ionut Tintoaca 0-0: Called Strike
0-1: Swinging Strike
0-2: Ball
1-2: Foul Ball, location: 2F
1-2: Ground out 5-3 (Groundball, 56S)
Batting: SHB Fergus Stidston 0-0: Foul Ball, location: 2F
0-1: Ball
1-1: Swinging Strike
1-2: Foul Ball, location: 2F
1-2: Ground out 5-3 (Groundball, 56)
Bottom of the 3rd over - 0 runs, 0 hits, 0 errors, 0 left on base; Myrtle Beach 0 - Mt. Vernon 0
TOP OF THE 4TH
Myrtle Beach Seahawks batting - Pitching for Mt. Vernon Bulls : LHP Abdul-Nasir Rabah
Batting: RHB César Salvatierra 0-0: Ball
1-0: Fly out, F9 (Flyball, 9D)
Batting: LHB Gregory Clement 0-0: Ball
1-0: Called Strike
1-1: Ball
2-1: Foul Ball, location: 2F
2-2: Ground out 6-3 (Groundball, 6M)
Batting: RHB Jimmy Gonzáles 0-0: Ball
1-0: Foul Ball, location: 2F
1-1: Foul Ball, location: 2F
1-2: Ball
2-2: Ball
3-2: Foul Ball, location: 2F
3-2: Base on Balls
Batting: RHB Miguel Pacheco 0-0: Ball
1-0: Swinging Strike
1-1: Swinging Strike
1-2: Strikes out swinging
Top of the 4th over - 0 runs, 0 hits, 0 errors, 1 left on base; Myrtle Beach 0 - Mt. Vernon 0
BOTTOM OF THE 4TH
Mt. Vernon Bulls batting - Pitching for Myrtle Beach Seahawks : RHP Leon Alfons
Batting: SHB Roy Snider 0-0: Called Strike
0-1: Called Strike
0-2: Ball
1-2: Ball
2-2: Ball
3-2: Foul Ball, location: 2F
3-2: DOUBLE (Groundball, 3L)
Batting: LHB Tomás Muinos 0-0: Ball
1-0: Ball
2-0: Called Strike
2-1: Ball
3-1: Foul Ball, location: 2F
3-2: Fly out, F7 (Flyball, 78S)
Batting: RHB Phil Gillespie 0-0: Called Strike
0-1: Ball
1-1: Called Strike
1-2: Ball
2-2: Ball
3-2: Foul Ball, location: 2F
3-2: SINGLE (Groundball, 4D)
Roy Snider to third
Runner from 3rd tries for Home, SAFE, no throw
Batting: SHB Zak Martin 0-0: Grounds into double play, 5-4-3 (Groundball, 56)
Bottom of the 4th over - 1 run, 2 hits, 0 errors, 0 left on base; Myrtle Beach 0 - Mt. Vernon 1
TOP OF THE 5TH
Myrtle Beach Seahawks batting - Pitching for Mt. Vernon Bulls : LHP Abdul-Nasir Rabah
Batting: RHB Miguel Rey 0-0: Called Strike
0-1: Foul Ball, location: 2F
0-2: Ball
1-2: Foul Ball, location: 2F
1-2: Strikes out swinging
Batting: RHB Kamaaluddeen Kohli 0-0: Ball
1-0: Called Strike
1-1: Ground out 5-3 (Groundball, 5S)
Batting: LHB Sandro Goro 0-0: Called Strike
0-1: Ground out 6-3 (Groundball, 6D)
Top of the 5th over - 0 runs, 0 hits, 0 errors, 0 left on base; Myrtle Beach 0 - Mt. Vernon 1
BOTTOM OF THE 5TH
Mt. Vernon Bulls batting - Pitching for Myrtle Beach Seahawks : RHP Leon Alfons
Batting: RHB Kamakakoa Kaponianani 0-0: Ball
1-0: Ball
2-0: Called Strike
2-1: Ground out 4-3 (Groundball, 4)
Batting: RHB Hsin-ping Teoh 0-0: Ball
1-0: Called Strike
1-1: Foul Ball, location: 2F
1-2: Ball
2-2: Ball
3-2: Strikes out swinging
Batting: RHB Jiao-long Xú 0-0: Ball
1-0: Called Strike
1-1: Foul Ball, location: 2F
1-2: Foul Ball, location: 2F
1-2: Ball
2-2: Fly out, F5 (Line Drive, 5)
Bottom of the 5th over - 0 runs, 0 hits, 0 errors, 0 left on base; Myrtle Beach 0 - Mt. Vernon 1
TOP OF THE 6TH
Myrtle Beach Seahawks batting - Pitching for Mt. Vernon Bulls : LHP Abdul-Nasir Rabah
Batting: RHB Lucas Gallant 0-0: Called Strike
0-1: Foul Ball, location: 2F
0-2: Strikes out looking
Batting: RHB Al Ellis 0-0: Foul Ball, location: 2F
0-1: Called Strike
0-2: Ball
1-2: Strikes out swinging
Batting: RHB César Salvatierra 0-0: SINGLE (Groundball, 5) (infield hit)
Batting: LHB Gregory Clement 0-0: Ball
1-0: Called Strike
1-1: Ball
2-1: Foul Ball, location: 2F
2-2: Ball
3-2: Fly out, F9 (Flyball, 9LM)
Top of the 6th over - 0 runs, 1 hit, 0 errors, 1 left on base; Myrtle Beach 0 - Mt. Vernon 1
BOTTOM OF THE 6TH
Mt. Vernon Bulls batting - Pitching for Myrtle Beach Seahawks : RHP Leon Alfons
Batting: RHB Ionut Tintoaca 0-0: Ball
1-0: Ball
2-0: Ball
3-0: Base on Balls
Pitching: RHP Ralph Owens
Batting: SHB Fergus Stidston 0-0: Sac Bunt - play at first, batter OUT! 2-4
Ionut Tintoaca to second
Batting: SHB Roy Snider 0-0: Swinging Strike
0-1: Called Strike
0-2: Strikes out swinging
Batting: LHB Tomás Muinos 0-0: Ground out 4-3 (Groundball, 4)
Bottom of the 6th over - 0 runs, 0 hits, 0 errors, 1 left on base; Myrtle Beach 0 - Mt. Vernon 1
TOP OF THE 7TH
Myrtle Beach Seahawks batting - Pitching for Mt. Vernon Bulls : LHP Abdul-Nasir Rabah
Batting: RHB Jimmy Gonzáles 0-0: Ball
1-0: Fly out, F6 (Popup, 6M)
Batting: RHB Miguel Pacheco 0-0: Swinging Strike
0-1: Ball
1-1: Called Strike
1-2: Strikes out swinging
Batting: RHB Miguel Rey 0-0: Foul Ball, location: 2F
0-1: Ball
1-1: Foul Ball, location: 2F
1-2: Strikes out swinging
Top of the 7th over - 0 runs, 0 hits, 0 errors, 0 left on base; Myrtle Beach 0 - Mt. Vernon 1
BOTTOM OF THE 7TH
Mt. Vernon Bulls batting - Pitching for Myrtle Beach Seahawks : RHP Ralph Owens
Batting: RHB Phil Gillespie 0-0: Called Strike
0-1: Ball
1-1: Foul Ball, location: 2F
1-2: Strikes out swinging
Batting: SHB Zak Martin 0-0: Ball
1-0: Called Strike
1-1: Called Strike
1-2: Ball
2-2: Foul Ball, location: 2F
2-2: Foul Ball, location: 2F
2-2: Ball
3-2: Foul Ball, location: 2F
3-2: Foul Ball, location: 2F
3-2: Ground out 1-3 (Groundball, P)
Batting: RHB Kamakakoa Kaponianani 0-0: Ball
1-0: Ground out 4-3 (Groundball, 4)
Bottom of the 7th over - 0 runs, 0 hits, 0 errors, 0 left on base; Myrtle Beach 0 - Mt. Vernon 1
TOP OF THE 8TH
Myrtle Beach Seahawks batting - Pitching for Mt. Vernon Bulls : LHP Abdul-Nasir Rabah
Now at C: Modesto González
Now at 1B: Enrique Martínez
Batting: RHB Kamaaluddeen Kohli 0-0: Swinging Strike
0-1: Fly out, F2 (Popup, 23F)
Batting: LHB Sandro Goro 0-0: Ball
1-0: Foul Ball, location: 2F
1-1: Ball
2-1: Swinging Strike
2-2: Ball
3-2: Foul Ball, location: 2F
3-2: Foul Ball, location: 2F
3-2: Foul Ball, location: 2F
3-2: Foul Ball, location: 2F
3-2: Foul Ball, location: 2F
3-2: Strikes out swinging
Batting: RHB Lucas Gallant 0-0: Called Strike
0-1: Ball
1-1: Ball
2-1: Fly out, F8 (Flyball, 8RD)
Top of the 8th over - 0 runs, 0 hits, 0 errors, 0 left on base; Myrtle Beach 0 - Mt. Vernon 1
BOTTOM OF THE 8TH
Mt. Vernon Bulls batting - Pitching for Myrtle Beach Seahawks : RHP Ralph Owens
Batting: RHB Hsin-ping Teoh 0-0: Ball
1-0: Foul Ball, location: 2F
1-1: Ground out 6-3 (Groundball, 6D)
Batting: RHB Jiao-long Xú 0-0: Ball
1-0: Called Strike
1-1: Swinging Strike
1-2: Strikes out swinging
Batting: RHB Ionut Tintoaca 0-0: Called Strike
0-1: Swinging Strike
0-2: Ball
1-2: Strikes out swinging
Bottom of the 8th over - 0 runs, 0 hits, 0 errors, 0 left on base; Myrtle Beach 0 - Mt. Vernon 1
TOP OF THE 9TH
Myrtle Beach Seahawks batting - Pitching for Mt. Vernon Bulls : LHP Abdul-Nasir Rabah
Pitching: RHP Rafael Santiago
Batting: RHB Al Ellis 0-0: Called Strike
0-1: SINGLE (Groundball, 4D)
Batting: RHB César Salvatierra 0-0: Called Strike
0-1: Ball
1-1: Ball
2-1: Fly out, F7 (Line Drive, 7)
Batting: LHB Gregory Clement 0-0: Called Strike
0-1: Ball
1-1: Ball
2-1: Foul Ball, location: 2F
2-2: DOUBLE (Line Drive, 78XD)
Al Ellis to third
Pinch Hitting: LHB Roberts Hamhock 0-0: Foul Ball, location: 2F
0-1: Ball
1-1: Foul Ball, location: 2F
1-2: Ball
2-2: Strikes out swinging
Batting: RHB Miguel Pacheco 0-0: Ball
1-0: Ball
2-0: Fly out, F7 (Flyball, 7LM)
Top of the 9th over - 0 runs, 2 hits, 0 errors, 2 left on base; Myrtle Beach 0 - Mt. Vernon 1
Friday, March 29th, 2019 - OOTP Baseball 18.8 Build 76